 Dungeon Crawl Stone Soup version 0.28.0-49-g6dfe1f597d (webtiles) character file.

Game seed: 2048205429153413805

527 101zpm the Magician (level 7, -2/45 HPs)
             Began as a Djinni Fire Elementalist on May 11, 2022.
             Slain by Duvessa
             ... wielding a +1 short sword of venom
              (5 damage)
             ... on level 4 of the Dungeon.
             The game lasted 00:06:09 (3293 turns).

101zpm the Magician (Djinni Fire Elementalist)      Turns: 3293, Time: 00:06:10

Health: -2/45      AC:  2    Str:  7    XL:     7   Next: 47%
Gold:   100        EV: 12    Int: 18    God:
                   SH:  0    Dex: 14

rFire   + + .      SeeInvis .   (no weapon)
rCold   x . .      Faith    .   (no shield)
rNeg    . . .      Spirit   .   a - +0 robe
rPois   ∞          Reflect  .   (no helmet)
rElec   .          Harm     .   (no cloak)
rCorr   .          Rampage  .   (no gloves)
Will    .....                   (boots unavailable)
Stlth   ++........              (no amulet)
HPRegen 0.15/turn               (no ring)
MPRegen 0.00/turn               (no ring)

@: on blink cooldown, flying
A: sickness immunity, fire resistance 2, cold vulnerability 1, float, innate
caster, HP casting, extra vitality 1
a: no special abilities


You were on level 4 of the Dungeon.
You visited 1 branch of the dungeon, and saw 4 of its levels.

You collected 100 gold pieces.

Inventory:

Armour
 a - a +0 robe (worn)
 e - the +3 Mad Mage's Maulers {Infuse+∞ RegenMP Int-3}
   (You found it on level 3 of the Dungeon)

   It empowers its wearer's blows with all of their magic.
   It causes its wearer's magical reserves to regenerate more quickly.
   Int:       It affects your intelligence (-3).
Scrolls
 c - a scroll of fog {unknown}
 d - 2 scrolls of identify {unknown}
 f - a scroll of teleportation {unknown}
 i - a scroll of amnesia {unknown}
Potions
 b - 2 potions of might {unknown}
 g - a potion of flight {unknown}
 h - a potion of heal wounds {unknown}


   Skills:
 + Level 2.4 Dodging
 + Level 2.7 Stealth
 + Level 5.8 Spellcasting


You couldn't memorise any spells.
You knew the following spells:

 Your Spells              Type           Power      Damage    Failure   Level
a - Foxfire               Conj/Fire      100%       2x1d9     1%          1
b - Scorch                Fire           52%        2d8       1%          2
c - Conjure Flame         Conj/Fire      26%        6-21      3%          3
d - Inner Flame           Hex/Fire       26%        N/A       3%          3
e - Flame Wave            Conj/Fire      26%        2d7       11%         4
f - Beastly Appendage     Tmut           52%        N/A       1%          1
g - Blink                 Tloc           52%        N/A       1%          2
h - Ignite Poison         Fire/Tmut/Pois 26%        N/A       3%          3
Your spell library was empty.

Dungeon Overview and Level Annotations

Branches:
Dungeon (4/15)
 Temple: D:4-7

Altars:
Yredelemnul

Annotations:
D:4 Duvessa


Innate Abilities, Weirdness & Mutations

You are immune to sickness and miasma.
You are immune to poison.
Your flesh is very heat resistant. (rF++)
You are vulnerable to cold. (rC-)
You float through the air rather than walking.
You learn spells naturally, not from books.
Your magical power is your life essence.
You have superior vitality. (+4 MHP)


Message History

Dowan explodes!
Casting: Foxfire (safe; 1% risk of failure)
Confirm with . or Enter, or press ? or * to list all spells.
Aiming: Inner Flame (dangerous; 3% risk of failure)
Press: ? - help, Dir - move target, f - Duvessa
Aim: Duvessa, wielding a +1 short sword of venom and wearing a +2 ring mail of fire resistance (berserk, ally target, chance to affect: 67%) Duvessa is filled with an inner flame.
The foxfire hits Duvessa but does no damage.
The foxfire hits Duvessa.
Duvessa resists.
Flame seeps out of Duvessa.
Duvessa is lightly wounded.
You conjure some foxfire!
Duvessa is engulfed in blazing flames.
Flame seeps out of Duvessa.
Duvessa rages.
Casting: Foxfire (safe; 1% risk of failure)
Confirm with . or Enter, or press ? or * to list all spells.
Flames lash Duvessa but do no damage.
The foxfire hits Duvessa but does no damage.
Duvessa is lightly wounded.
The foxfire hits Duvessa.
Duvessa resists.
Flame seeps out of Duvessa.
Duvessa is lightly wounded.
Duvessa is engulfed in blazing flames.
Flame seeps out of Duvessa.
Casting: Scorch (safe; 1% risk of failure)
Confirm with . or Enter, or press ? or * to list all spells.
You blink.
Casting: Blink (safe; 1% risk of failure)
Confirm with . or Enter, or press ? or * to list all spells.
Flames lash Duvessa.
Duvessa completely resists.
Duvessa hits you with a +1 short sword of venom.
You feel stable enough to blink again.
Duvessa hits you with a +1 short sword of venom!!
* * * LOW HITPOINT WARNING * * *
Found 15 bolts.
Casting: Scorch (safe; 1% risk of failure)
Confirm with . or Enter, or press ? or * to list all spells.
You blink.
* * * LOW HITPOINT WARNING * * *
Duvessa hits you with a +1 short sword of venom.
* * * LOW HITPOINT WARNING * * *
Duvessa hits you with a +1 short sword of venom.
You die...

...... ..... ##### ......
.... .. # # (.....##..###..
.## # ............#.###.. #
.......#.##.#)....# #
.......#.##.#☼§.#
.......§........#####
...........e..#.#.... ..
.....###.###@.....# #. ....
#.####.....###... ###. ...
#.#..........#...##... ..
..##...##.##(.)..........
..
......###.###..##........
...
.......##......>........#
...
#.>.........####.......#
..###...##...#.###........#
##...........#.##.......)).


You could see Duvessa (berserk, inner flame).

Vanquished Creatures
  Menkaure (D:4)
  An ogre (D:4)
  A phantom (D:3)
  Dowan (D:4)
  An iguana (D:4)
  2 orc wizards (D:4)
  3 adders
  4 gnolls (D:2)
  A worm (D:2)
  9 orcs (D:4)
  4 ball pythons
  An endoplasm (D:2)
  2 giant cockroaches (D:2)
  A goblin (D:4)
  4 hobgoblins
  2 jackals (D:3)
  4 kobolds
  3 bats
  A frilled lizard (D:3)
  6 rats
52 creatures vanquished.

Vanquished Creatures (others)
  251 foxfires
251 creatures vanquished.

Grand Total: 303 creatures vanquished

Notes
Turn   | Place    | Note
-------+----------+-------------------------------------------
     0 | D:1      | 101zpm the Djinni Fire Elementalist began the quest for the
                  | Orb.
     0 | D:1      | Reached XP level 1. HP: 15/15 MP: 0/0
   310 | D:2      | Reached XP level 2. HP: 16/21 MP: 0/0
   737 | D:2      | Found a basalt altar of Yredelemnul.
   851 | D:2      | Reached skill level 3 in Spellcasting
   851 | D:2      | Reached XP level 3. HP: 18/25 MP: 0/0
   851 | D:2      | Learned a level 1 spell: Beastly Appendage
   860 | D:2      | Reached XP level 4. HP: 8/31 MP: 0/0
  1878 | D:3      | Noticed an ogre
  1879 | D:3      | HP: 1/31 [ogre/+0 giant spiked club (29)]
  2030 | D:3      | Noticed a phantom
  2040 | D:3      | Killed a phantom
  2041 | D:3      | Reached skill level 4 in Spellcasting
  2041 | D:3      | Reached XP level 5. HP: 1/35 MP: 0/0
  2041 | D:3      | Learned a level 2 spell: Blink
  2424 | D:3      | Found the +3 Mad Mage's Maulers {Infuse+∞ RegenMP Int-3}
  2515 | D:4      | Noticed Menkaure
  2522 | D:4      | Killed Menkaure
  2523 | D:4      | Reached skill level 5 in Spellcasting
  2523 | D:4      | Reached XP level 6. HP: 29/40 MP: 0/0
  2780 | D:4      | Noticed an ogre
  2782 | D:4      | Reached XP level 7. HP: 15/45 MP: 0/0
  2782 | D:4      | Learned a level 3 spell: Ignite Poison
  3279 | D:4      | Noticed Dowan
  3282 | D:4      | Noticed Duvessa
  3283 | D:4      | Killed Dowan
  3293 | D:4      | Slain by Duvessa

Illustrated notes

Levels and vault maps discovered:
D:1:      minmay_arrival_open_corners, layout_basic
D:2:      layout_basic, basic_altar
D:3:      layout_basic, nicolae_vehumet_altar_sigil, uniq_robin,
          uniq_crazy_yiuf_cottage
D:4:      layout_rooms, roderic_lattice_a, serial_park_tiny_1,
          minmay_strange_pillars, uniq_duvessa, uniq_menkaure

Skill      XL: |  1  2  3  4  5 |
---------------+----------------+-----
Spellcasting   | 3 4 5 |  5.8
Stealth        | 2 |  2.7
Dodging        | |  2.4

Action                   |  1- 3 |  4- 6 |  7- 9 || total
-------------------------+-------+-------+-------++-------
 Cast: Foxfire           |    50 |    76 |    34 ||   160
       Scorch            |     6 |     2 |     2 ||    10
       Inner Flame       |       |     9 |     4 ||    13
       Blink             |       |     1 |     2 ||     3
Dodge: Dodged            |     1 |     3 |       ||     4
